 Dungeon Crawl Stone Soup version 0.20.0-15-g7f486f2 (webtiles) character file.

382 rezek the Caller (level 6, 0/43 HPs)
             Began as a Barachi Summoner on June 23, 2017.
             Succumbed to a scorpion's poison
             ... on level 4 of the Dungeon.
             The game lasted 00:16:27 (4538 turns).

rezek the Caller (Barachi Summoner)                 Turns: 4538, Time: 00:16:28

Health: 0/43       AC:  3    Str:  9    XL:     6   Next: 76%
Magic:  9/10       EV: 17    Int: 18    God:
Gold:   159        SH:  0    Dex: 12    Spells: 1/11 levels left

rFire    . . .     SeeInvis .   g - +3 hand axe (venom)
rCold    + . .     Gourm    .   (no shield)
rNeg     . . .     Faith    .   a - +1 robe
rPois    .         Spirit   .   (no helmet)
rElec    .         Reflect  .   (no cloak)
rCorr    .         Harm     .   (no gloves)
MR       .....                  (no boots)
Stlth    ++........             (no amulet)
Regen    0.2/turn               h - +5 ring of evasion
MPRegen  0.2/turn               p - ring of protection from cold

@: lethally poisoned (0 -> -7), slow
A: +LOS, swims, slowness 1, strong legs 1
a: Hop


You were on level 4 of the Dungeon.
You were not hungry.

You visited 2 branches of the dungeon, and saw 5 of its levels.

You collected 159 gold pieces.

Inventory:

Hand Weapons
 g - a +3 hand axe of venom (weapon)
 j - a +0 mace of protection
Armour
 a - a +1 robe (worn)
Jewellery
 h - a +5 ring of evasion (left hand)
 i - an uncursed ring of positive energy
 p - a ring of protection from cold (right hand)
 r - an uncursed ring of fire
Wands
 e - a wand of flame (21/48)
 u - a wand of random effects (33/48)
Scrolls
 d - a scroll of enchant armour
 k - a scroll of immolation {unknown}
 l - a scroll of magic mapping {unknown}
 m - a scroll of noise
 o - a scroll of remove curse
 q - a scroll of blinking {unknown}
 t - 3 scrolls of teleportation
Potions
 n - a potion of invisibility
 s - a potion of haste
Books
 b - a book of Callings

   Spells                             Type                      Level
   a - Summon Small Mammal            Summoning                    1
   b - Call Imp                       Summoning                    2
   c - Call Canine Familiar           Summoning                    3
   d - Summon Guardian Golem          Hexes/Summoning              3
   e - Summon Lightning Spire         Summoning/Air                4
   f - Summon Ice Beast               Ice/Summoning                4
Comestibles
 c - 2 bread rations
 f - 3 meat rations
 v - 3 fruits
 w - 4 chunks of flesh


   Skills:
 + Level 1.0 Fighting
 + Level 4.6 Axes
 + Level 2.5 Dodging
 + Level 1.9 Stealth
 + Level 3.0 Spellcasting
 + Level 6.4 Summonings
 * Level 1.3 Ice Magic
 * Level 1.3 Evocations


You had one spell level left.
You knew the following spells:

 Your Spells              Type           Power        Failure   Level  Hunger
a - Summon Small Mammal   Summ           ####         1%          1    None
b - Call Imp              Summ           ####....     1%          2    ##.....
c - Call Canine Familiar  Summ           ####....     3%          3    ###....
d - Summon Ice Beast      Ice/Summ       ###.....     32%         4    ####...


Dungeon Overview and Level Annotations

Branches:
Dungeon (4/15)             Temple (1/1) D:4

Altars:
Ashenzari
Elyvilon
Fedhas
Gozag
Hepliaklqana
Kikubaaqudgha
Makhleb
Nemelex Xobeh
Okawaru
Qazlal
Ru
Sif Muna
Trog
Uskayaw
Xom
Yredelemnul
Zin
The Shining One

Annotations:
D:2 Sigmund


Innate Abilities, Weirdness & Mutations

Shadows flee at your approach. (+LOS)
You can swim through water.
You cover ground slowly.
You can hop short distances.


Message History

You feel sick.
* * * LOW HITPOINT WARNING * * *
You feel sick.
Found 14 gold pieces.
* * * LOW HITPOINT WARNING * * *
You feel sick.
Your hound bites the scorpion but does no damage.
The scorpion stings your hound.
Your hound bites the scorpion.
* * * LOW HITPOINT WARNING * * *
You feel sick.
Your hound barely misses the scorpion.
The scorpion closely misses your hound.
Your hound misses the scorpion.
* * * LOW HITPOINT WARNING * * *
You feel sick. The scorpion stings your hound.
Your hound looks even sicker.
The scorpion poisons your hound!
Your hound closely misses the scorpion.
* * * LOW HITPOINT WARNING * * *
You feel sick.
Your hound closely misses the scorpion.
The scorpion barely misses your hound.
Your hound closely misses the scorpion.
The scorpion barely misses your hound.
You die...

#.....#
$...# #.# #
....# ..#
##. ... ###
!. ... .....
.#$## ...
#### #.#
..... #@#
#..##
#.##########
#.#.........
#.#.........
##
#.#.....o...
..
#.#.........
##.
#.#.........
...
#.#.........
..
#h#.........


You could see a friendly hound.

Vanquished Creatures
  An ogre (D:4)
  Jessica (D:3)
  Terence (D:2)
  An orc wizard (D:3)
  A hound zombie (D:3)
  A gnoll (D:1)
  6 adders
  An ooze (D:1)
  A worm (D:2)
  2 dart slugs
  3 leopard geckos
  10 orcs
  4 giant cockroaches
  13 goblins
  17 hobgoblins
  4 jackals (D:1)
  3 quokkas
  10 bats
  A frilled lizard (D:1)
  4 kobolds
  6 rats
91 creatures vanquished.

Vanquished Creatures (collateral kills)
  3 gnolls (D:1)
  An adder (D:2)
  A giant cockroach (D:1)
  A hobgoblin (D:1)
  A kobold (D:1)
  A quokka (D:1)
  A frilled lizard (D:1)
9 creatures vanquished.

Grand Total: 100 creatures vanquished

Notes
Turn   | Place    | Note
-------+----------+-------------------------------------------
     0 | D:1      | rezek the Barachi Summoner began the quest for the Orb.
     0 | D:1      | Reached XP level 1. HP: 13/13 MP: 3/3
   110 | D:1      | Reached skill level 5 in Summonings
   549 | D:1      | Reached XP level 2. HP: 13/19 MP: 5/5
   941 | D:1      | Reached XP level 3. HP: 16/24 MP: 6/6
   945 | D:1      | Learned a level 2 spell: Call Imp
   949 | D:1      | Learned a level 3 spell: Call Canine Familiar
  1389 | D:1      | Reached skill level 1 in Axes
  1400 | D:1      | Reached skill level 6 in Summonings
  1560 | D:1      | Reached XP level 4. HP: 3/30 MP: 3/7
  1961 | D:2      | Noticed Sigmund
  2444 | D:2      | Noticed Terence
  2453 | D:2      | Killed Terence
  2453 | D:2      | Reached XP level 5. HP: 35/35 MP: 8/8
  3384 | D:3      | Noticed Jessica
  3388 | D:3      | Killed Jessica
  3418 | D:3      | Reached XP level 6. HP: 34/41 MP: 10/10
  3430 | D:3      | Learned a level 4 spell: Summon Ice Beast
  4002 | D:4      | Found a staircase to the Ecumenical Temple.
  4009 | Temple   | Entered the Ecumenical Temple
  4238 | D:4      | Reached skill level 1 in Fighting
  4238 | D:4      | Reached skill level 1 in Ice Magic
  4238 | D:4      | Reached skill level 1 in Evocations
  4536 | D:4      | HP: 2/43 [poisoned by a scorpion]
  4538 | D:4      | Succumbed to a scorpion's poison

Skill      XL: |  1  2  3  4  5  6 |
---------------+-------------------+-----
Summonings     | 5 6 |  6.4
Axes           | 1 2 4 |  4.6
Spellcasting   | 3 |  3.0
Fighting       | 1 |  1.0
Ice Magic      | 1 |  1.3
Evocations     | 1 |  1.3
Dodging        | |  2.5
Stealth        | |  1.9

Action                   |  1- 3 |  4- 6 || total
-------------------------+-------+-------++-------
Melee: Unarmed           |    27 |       ||    27
       Spear             |    14 |       ||    14
       Hand axe          |    62 |   179 ||   241
       Mace              |     1 |       ||     1
 Cast: Summon Small Mamm |     4 |       ||     4
       Call Canine Famil |     2 |     2 ||     4
       Call Imp          |     1 |       ||     1
 Abil: Hop               |     2 |       ||     2
  Use: Potion            |     3 |     4 ||     7
       Scroll            |       |     7 ||     7
 Stab: Sleeping          |     5 |     5 ||    10
  Eat: Chunk             |     3 |     6 ||     9
       Bread ration      |       |     1 ||     1
Armor: Robe              |    20 |    15 ||    35
Dodge: Dodged            |   118 |   154 ||   272
